 Dungeon Crawl Stone Soup version 0.30-a0-986-g7f2e898f52 (webtiles) character file.

Game seed: 1609062935831757809

38 xian the Chopper (level 3, -5/28 HPs)
             Began as a Demonspawn Gladiator on Apr 2, 2023.
             Was a Plaything of Xom.
             Slain by a gnoll
             ... wielding a +0 halberd
              (8 damage)
             ... on level 2 of the Dungeon.
             The game lasted 00:02:14 (895 turns).

xian the Chopper (Demonspawn Gladiator)              Turns: 895, Time: 00:02:15

Health: -5/28      AC: 11    Str: 16    XL:     3   Next: 25%
Magic:  3/3        EV:  5    Int:  9    God:    Xom [.....*]
Gold:   40         SH:  0    Dex: 14    Spells: 2/2 levels left

rFire   . . .      SeeInvis .    j - +1 hand axe (freeze)
rCold   . . .      Faith    .    (no shield)
rNeg    . . .      Spirit   .    g - +0 plate armour
rPois   .          Reflect  .    c - +0 helmet
rElec   .          Rampage  .    (no cloak)
rCorr   .                        (no gloves)
Will    .....                    (no boots) Stlth
                                 (no amulet)
HPRegen 0.24/turn                (no ring)
MPRegen 0.08/turn                (no ring)

@: no status effects
A: demonic touch 1
a: Renounce Religion


You were on level 2 of the Dungeon.
You worshipped Xom.
You were Xom's teddy bear.
You visited 1 branch of the dungeon, and saw 2 of its levels.

You collected 40 gold pieces.

Inventory:

Hand Weapons
 j - a +1 hand axe of freezing (weapon)
Missiles
 a - 10 stones
 d - 3 throwing nets
 e - a javelin (quivered)
 h - 2 boomerangs
Armour
 c - a +0 helmet (worn)
 g - a +0 plate armour (worn)
Magical Staves
 p - a staff of fire
Scrolls
 b - a scroll of immolation {unknown}
 l - a scroll of identify {unknown}
 m - a scroll of teleportation {unknown}
Potions
 f - a potion of magic {unknown}
 i - a potion of attraction {unknown}
 k - 2 potions of mutation {unknown}
 n - a potion of curing {unknown}
 o - a potion of brilliance {unknown}


   Skills:
 + Level 2.3 Fighting
 + Level 3.2 Axes
 + Level 1.8 Throwing
 + Level 0.2 Armour
 + Level 3.1 Dodging


You had 2 spell levels left.
You didn't know any spells.
Your spell library contained the following spells:

 Spells                   Type           Power      Damage    Failure   Level
 Ensorcelled Hibernation  Hex/Ice        0%         N/A       100%        2
 Passwall                 Tmut/Erth      0%         N/A       100%        2
 Sublimation of Blood     Necr           0%         N/A       100%        2
 Wereblood                Tmut           0%         N/A       100%        2
 Swiftness                Air            0%         N/A       100%        3
 Summon Hydra             Summ           0%         N/A       100%        7


Dungeon Overview and Level Annotations

Branches:
Dungeon (2/15)

Altars:
Cheibriados
Xom


Innate Abilities, Weirdness & Mutations

Your touch may inflict minor irresistible damage on your foes.


Message History

You hit the kobold. You freeze the kobold.
You kill the kobold!
You have reached level 3!
Your experience leads to an increase in your attributes!
Increase (S)trength, (I)ntelligence, or (D)exterity?
You feel stronger. x2
The gnoll hits you but does no damage.
You see here a +0 dagger.
You slash the gnoll! You freeze the gnoll.
You kill the gnoll!
A gnoll comes into view. It is wielding a +0 flail.
You closely miss the rat. Your touch misses the rat.
The rat bites you but does no damage. The gnoll barely misses you.
You hit the rat. You freeze the rat.
You kill the rat!
The gnoll hits you from afar with a +0 halberd.
Found 20 gold pieces.
The gnoll barely misses you.
Things that are here:
a +0 flail; a rat corpse; a gnoll corpse You hit the gnoll.
You freeze the gnoll.
The gnoll is severely wounded.
The gnoll hits you with a +0 halberd!
Unknown command.
You hit the gnoll. You freeze the gnoll. Your touch misses the gnoll.
The gnoll is almost dead.
The gnoll hits you with a +0 halberd.
You closely miss the gnoll. Your touch misses the gnoll.
The gnoll hits you from afar with a +0 halberd.
The gnoll hits you with a +0 flail.
* * * LOW HITPOINT WARNING * * *
You hit the gnoll. You freeze the gnoll.
The gnoll is heavily wounded.
The gnoll hits you from afar with a +0 halberd.
* * * LOW HITPOINT WARNING * * *
The gnoll hits you but does no damage.
Unknown command.
You hit the gnoll. You freeze the gnoll.
You kill the gnoll!
The gnoll hits you from afar with a +0 halberd!
You die...

#........#
##.#.#.#.#
#$...$....
#.#...#.# #........
#.##..#.# #.......
###....##.# #......
..........####.....
.##.#............g
.##.#..##.#.#.##r#
###.#.###.#.#.##@#
# #.#.###.# #..#)#
# #.......#.##.#.#
# #.....###......#
#.....# ####.###
#.....# ##.#
#.....# #.>#
#.....# #.##
####### #.#


You could see a gnoll and a rat.

Vanquished Creatures
  2 gnolls (D:2)
  A worm (D:2)
  2 dart slugs
  A ball python (D:1)
  3 endoplasms (D:1)
  2 goblins
  2 hobgoblins (D:1)
  3 kobolds
  2 quokkas (D:1)
  A bat (D:2)
  A frilled lizard (D:1)
  2 rats
22 creatures vanquished.

Notes
Turn   | Place    | Note
-------+----------+-------------------------------------------
     0 | D:1      | xian the Demonspawn Gladiator began the quest for the Orb.
     0 | D:1      | Reached XP level 1. HP: 16/16 MP: 1/1
    25 | D:1      | Found a faded altar of an unknown god.
    42 | D:1      | Prayed at the altar of an unknown god.
    42 | D:1      | Became a worshipper of The Xom-Meister, Xom-Xom-bo-Bom,
                  | Banana-Fana-fo-Fom
   277 | D:1      | Gained mutation: Your touch may inflict minor irresistible
                  | damage on your foes. [demonic ancestry]
   277 | D:1      | Reached XP level 2. HP: 22/22 MP: 2/2
   361 | D:1      | XOM: silly message
   677 | D:1      | Found a snail-covered altar of Cheibriados.
   886 | D:2      | Reached XP level 3. HP: 27/27 MP: 3/3
   895 | D:2      | Slain by a gnoll

Illustrated notes

Levels and vault maps discovered:
D:1:      dpeg_arrival_water_altar, layout_basic,
          dreamdust_ecumenical_altar_angels_and_demons
D:2:      layout_loops_cross

Skill      XL: |  1  2 |
---------------+-------+-----
Dodging        | 3 |  3.1
Axes           | 3 |  3.2
Fighting       | |  2.3
Throwing       | |  1.8
Armour         | |  0.2

Action                     || total
---------------------------++-------
  Melee: War axe           ||     9
         Hand axe          ||    40
         Touch             ||     4
 Armour: Plate armour      ||    39
         Leather armour    ||     1
  Dodge: Dodged            ||    13

Table legend: (Time is in decaauts)
 A = Elapsed time spent in this place.
 B = Non-inter-level travel time spent in this place.
 C = Inter-level travel time spent in this place.
 D = Time resting spent in this place.
 E = Time spent auto-exploring this place.
 F = Levels seen in this place.
 G = Mean time per level.
                   A        B        C        D        E       F      G
               +--------+--------+--------+--------+--------+-----+--------+
         Total |    907 |    836 |     71 |      0 |    505 |   2 |  453.5 |
       Dungeon |    907 |    836 |     71 |      0 |    505 |   2 |  453.5 |
               +--------+--------+--------+--------+--------+-----+--------+

Top non-repeatable levels by time:
     D:1: 762 daAuts
     D:2: 145 daAuts
